 Dungeon Crawl Stone Soup version 0.13-a0-2584-g2e76cfd (webtiles) character file.

194 Kae the Firebug (level 4, -1/24 HPs)
             Began as a Tengu Fire Elementalist on July 31, 2013.
             Slain by Terence
             ... wielding a +0,+0 short sword of electrocution
              (20 damage)
             ... on Level 2 of the Dungeon.
             The game lasted 00:03:52 (2755 turns).

Kae the Firebug (Tengu Fire Elementalist)           Turns: 2755, Time: 00:03:52

HP  -1/24        AC  7     Str  8      XL: 4   Next: 37%
MP   3/8         EV 13     Int 17      God:
Gold 115         SH  0     Dex 14      Spells:  3 memorised,  0 levels left

Res.Fire  : . . .   See Invis. : .   e - +1,+2 mace (protect) (curse)
Res.Cold  : . . .   Warding    : .   a - +0 robe
Life Prot.: . . .   Conserve   : .   (no shield)
Res.Poison: .       Res.Corr.  : .   (helmet restricted)
Res.Elec. : .       Clarity    : .   (no cloak)
Sust.Abil.: . .     Spirit.Shd : .   (no gloves)
Res.Mut.  : .       Stasis     : .   (boots unavailable)
Res.Rott. : .       Flight     : .   (no amulet)
Saprovore : . . .                    (no ring)
                                     (no ring)

@: very slightly contaminated, slightly resistant to hostile enchantments,
fairly stealthy
A: beak, talons 3
a: no special abilities


You were on level 2 of the Dungeon.
You were not hungry.

You visited 1 branch of the dungeon, and saw 3 of its levels.

You collected 95 gold pieces.

Inventory:

Hand weapons
 e - a cursed +1,+2 mace of protection (weapon)
Armour
 a - a +0 robe (worn)
Comestibles
 c - 5 bread rations
 i - a lemon
 j - a cheese
 l - a choko
 n - 14 sultanas
 o - an apple
 v - a pear
 A - a sausage
 B - a chunk of ball python flesh
Scrolls
 g - a scroll of magic mapping
 r - 3 scrolls of remove curse {unknown}
 t - a scroll of enchant weapon II {unknown}
 x - a scroll of random uselessness {unknown}
Jewellery
 m - an uncursed amulet of guardian spirit {unknown}
Potions
 d - 2 potions of curing {unknown}
 f - a potion of confusion {unknown}
 h - 3 potions of magic {unknown}
 k - 2 potions of might {unknown}
 p - a potion of cure mutation {unknown}
 q - 2 potions of heal wounds {unknown}
 s - a potion of agility {unknown}
 u - a potion of slowing {unknown}
Books
 b - a book of Flames

   Spells                             Type                      Level
   *Flame Tongue                      Conjuration/Fire             1
   *Throw Flame                       Conjuration/Fire             2
   *Conjure Flame                     Conjuration/Fire             3
   Inner Flame                        Hexes/Fire                   3
   Sticky Flame                       Conjuration/Fire             4
   Fireball                           Conjuration/Fire             5


   Skills:
 + Level 0.4 Fighting
 + Level 0.7 Maces & Flails
 + Level 3.1 Dodging
 + Level 2.5 Stealth
 + Level 1.5 Spellcasting
 + Level 1.7 Conjurations
 + Level 4.0 Fire Magic


You couldn't memorise any spells.
You knew the following spells:

 Your Spells              Type           Power        Failure   Level  Hunger
a - Flame Tongue          Conj/Fire      ##...        10%         1    ##.....
b - Throw Flame           Conj/Fire      ##....       12%         2    ###....
c - Conjure Flame         Conj/Fire      ##......     21%         3    ####...


Dungeon Overview and Level Annotations

Branches:
Dungeon (3/27)

Altars:

Annotations
D:2 Sigmund, Terence


Innate Abilities, Weirdness & Mutations

You have a beak for a mouth.
You have claws for feet.


Message History

You miscast Conjure Flame.
You hear a sizzling sound.
Terence shouts, "DIE!!!"
You hit Terence. Your kick misses Terence. You peck Terence, but do no damage.
Terence is moderately wounded.
Terence hits you but does no damage.
You closely miss Terence.
Terence is moderately wounded.
Terence closely misses you.
You hit Terence but do no damage.
Terence is moderately wounded.
Terence misses you.
You hit Terence but do no damage.
Terence is moderately wounded.
Terence hits you with a short sword of electrocution.
You closely miss Terence. You claw Terence, but do no damage.
Terence is moderately wounded.
Terence hits you but does no damage.
You are electrocuted!
Ouch! That really hurt!
You die...

# #.########## # #..........#
################..........#######
................................#
################..........#####.#
# #.######.#######.# ############
#.# #.# #...... ...........# #@#
#.# #...... ##########.# #@# #.#
#...... # #.# #.# #.# #......
##########.#####.######.###......
....><.........%...)....)........
##########.#####)######.###......
# #.# #.###* #.# #####.# # #.#
#....# #.# #%# #### #.# #....#
#.# #.# ...#######.### #)...# #.#
#.#


You could see Terence.

Vanquished Creatures
  3 adders
  5 giant geckos
  An orc (D:3)
  A ball python (D:2)
  8 bats
  A giant cockroach (D:1)
  4 goblins
  11 hobgoblins
  3 kobolds (D:2)
  2 quokkas (D:2)
  6 rats
45 creatures vanquished.

Notes
Turn   | Place    | Note
--------------------------------------------------------------
     0 | D:1      | Kae, the Tengu Fire Elementalist, began the quest for the Orb.
     0 | D:1      | Reached XP level 1. HP: 10/10 MP: 3/3
   304 | D:1      | Reached XP level 2. HP: 15/15 MP: 3/5
  1020 | D:2      | Reached XP level 3. HP: 19/19 MP: 1/6
  1204 | D:2      | Noticed Terence
  1348 | D:2      | Noticed Sigmund
  1468 | D:2      | Reached skill level 4 in Fire Magic
  1680 | D:3      | Reached XP level 4. HP: 20/24 MP: 4/8
  1690 | D:3      | Learned a level 2 spell: Throw Flame
  1694 | D:3      | Learned a level 3 spell: Conjure Flame
  2755 | D:2      | Slain by Terence

Action                   |  1- 3 |  4- 6 || total
-------------------------+-------+-------++-------
Melee: Mace              |    46 |    32 ||    78
 Cast: Flame Tongue      |    29 |    19 ||    48
  Use: Scroll            |     4 |       ||     4
 Stab: Sleeping          |     3 |     1 ||     4
